Map: Blueshift LE

Players

SALTKING

  • Race: Terran Terran
  • League: Master
  • Spawn Location: 7:00

Leon - Winner!

  • Race: Terran Terran
  • League: Diamond
  • Spawn Location: 1:00

VOD

Have the link to the VOD?

Description

Time

  • Played on: Jan. 8, 2019, 10:40 a.m.
  • Length: 14:28
Show
View Real Time Build Order
Export as new Build Order

SALTKING Terran 

Build Orders: Gas First Reaper Expand, Banshee Rush 

Get SALT Encoding   

  12  0:00  SCV  
  13  0:13  SCV  
  14  0:17  Supply Depot  
  14  0:25  SCV  
  15  0:30  Refinery  
  15  0:38  SCV  
  16  0:44  Barracks  
  16  0:50  SCV  
  17  1:02  SCV  
  18  1:15  SCV  
  19  1:31  Orbital Command  
  19  1:32  Reaper  
  20  1:46  Command Center  
  20  1:56  Factory  
  20  2:00  SCV  
  20  2:08  Barracks Reactor  
  20  2:10  Supply Depot  
  20  2:12  SCV  
  21  2:22  Refinery  
  21  2:25  SCV  
  22  2:37  SCV  
  22  2:41  Bunker  
  23  2:45  Marine, Starport  
  23  2:47  Marine  
  23  2:50  SCV  
  26  2:59  Factory Tech Lab  
  26  3:02  Orbital Command  
  26  3:04  SCV  
  27  3:12  Marine x2  
  29  3:16  SCV  
  30  3:27  Barracks  
  30  3:28  SCV  
  30  3:31  Banshee  
  34  3:34  SCV  
  34  3:41  SCV  
  36  3:43  Cloaking Field  
  36  3:44  Marine x2  
  36  3:46  Factory Tech Lab  
  36  3:47  SCV  
  39  3:51  Barracks  
  39  3:58  SCV  
  39  3:59  SCV  
  39  4:00  Supply Depot  
  41  4:10  SCV  
  41  4:11  Marine x2  
  41  4:13  Barracks  
  41  4:14  Factory Tech Lab  
  44  4:19  SCV  
  44  4:21  Banshee  
  44  4:23  Supply Depot  
  48  4:28  SCV  
  48  4:29  Supply Depot  
  49  4:32  SCV  
  49  4:36  Refinery  
  50  4:38  Engineering Bay  
  50  4:40  SCV  
  50  4:43  Marine x2  
  53  4:48  Marauder  
  53  4:51  SCV, Stimpack  
  53  4:52  SCV  
  57  4:55  Factory Tech Lab  
  57  5:01  Barracks  
  57  5:03  SCV  
  58  5:09  SCV, Barracks  
  58  5:12  Marauder  
  58  5:14  Starport Reactor  
  61  5:15  SCV  
  61  5:21  SCV, Supply Depot  
  62  5:23  Terran Infantry Weapons Level 1  
  62  5:26  Supply Depot  
  62  5:27  SCV  
  64  5:33  SCV  
  65  5:39  SCV  
  65  5:40  Marauder  
  65  5:41  Marauder  
  70  5:43  Marine  
  70  5:44  Marine  
  72  5:53  Medivac  
  72  5:55  Medivac, Command Center  
  76  5:57  SCV  
  76  5:58  SCV  
  76  6:03  Refinery  
  78  6:05  Supply Depot  
  78  6:06  Marauder  
  78  6:08  Concussive Shells  
  78  6:10  Marauder  
  82  6:22  Marauder  
  82  6:23  Marauder  
  86  6:27  Marine x2  
  86  6:28  Marauder  
  86  6:30  SCV x2  
  92  6:36  Marauder  
  92  6:37  Supply Depot  
  94  6:42  Medivac x2  
  94  6:44  Marauder x2  
  94  6:46  Supply Depot  
  102  6:50  Combat Shield, Supply Depot  
  102  6:58  Marine x2  
  102  6:59  Marauder  
  106  7:13  Marauder x3  
  106  7:14  Medivac  
  114  7:16  Marine x2  
  114  7:20  Medivac, Marauder  
  120  7:35  SCV x2  
  122  7:37  Terran Infantry Armor Level 1  
  122  7:41  Engineering Bay  
  122  7:42  Armory  
  122  7:45  Supply Depot x2  
  122  7:47  SCV x2  
  122  7:48  Orbital Command  
  124  7:53  Marauder  
  126  8:15  Marine x2, Marauder x4  
  126  8:18  Medivac x2  
  137  8:22  SCV x3  
  140  8:33  Marine x2  
  142  8:35  Factory Tech Lab  
  142  8:36  Marauder x4  
  150  8:44  Terran Infantry Weapons Level 2, Ghost Academy  
  150  8:48  Supply Depot  
  150  8:51  Marine x2, Supply Depot  
  150  8:52  Supply Depot  
  150  8:54  Refinery  
  152  8:55  Refinery  
  152  8:57  Marine, Marauder  
  152  8:58  Command Center  
  152  9:00  Marauder  
  157  9:08  Marine  
  157  9:10  Marauder  
  169  9:42  Marine x2  
  169  9:46  Medivac  
  169  9:49  Supply Depot  
  169  9:51  Supply Depot  
  171  9:58  Siege Tank  
  174  10:00  Marine  
  174  10:02  Command Center  
  175  10:10  Unknown x4  
  179  10:15  Command Center  
  179  10:16  Marine x2  
  179  10:18  Marine  
  184  10:33  Marine  
  185  10:39  Unknown  
  185  10:40  Unknown  
  185  10:43  Unknown  
Show
View Real Time Build Order
Export as new Build Order

Leon Terran - Winner!

Build Orders: Reaper Expand, Banshee Rush 

Get SALT Encoding   

  12  0:00  SCV  
  13  0:13  SCV  
  14  0:17  Supply Depot  
  14  0:25  SCV  
  15  0:38  SCV  
  15  0:40  Barracks  
  16  0:47  Refinery  
  16  0:50  SCV  
  17  1:05  SCV  
  18  1:17  SCV  
  19  1:30  Reaper  
  20  1:33  Orbital Command  
  20  1:42  Command Center  
  20  1:59  SCV  
  21  2:12  SCV  
  21  2:15  Factory  
  21  2:25  SCV  
  22  2:32  Barracks Reactor  
  22  2:38  SCV  
  22  2:41  Supply Depot, Refinery  
  23  2:54  SCV  
  23  2:56  Bunker  
  24  3:02  Supply Depot  
  24  3:04  Starport  
  24  3:06  SCV  
  24  3:08  Marine x2  
  24  3:11  Orbital Command  
  27  3:14  Factory Tech Lab  
  27  3:18  SCV  
  28  3:26  Marine x2  
  30  3:30  SCV  
  31  3:40  SCV  
  32  3:42  SCV  
  33  3:51  Cloaking Field  
  33  3:52  SCV, Banshee  
  33  3:54  SCV  
  38  3:58  Marine x2  
  40  4:03  Factory Tech Lab  
  40  4:05  Barracks  
  40  4:07  SCV  
  40  4:08  Supply Depot  
  41  4:10  SCV  
  41  4:16  Marine x2  
  44  4:23  Barracks  
  44  4:28  SCV x2  
  46  4:34  Banshee  
  46  4:37  Factory Tech Lab  
  49  4:45  SCV  
  49  4:46  SCV  
  49  4:50  Refinery x2  
  51  4:55  Marine x2  
  51  4:58  Supply Depot  
  53  5:05  Factory Tech Lab  
  53  5:07  Engineering Bay  
  53  5:08  Engineering Bay  
  53  5:14  SCV x2, Command Center  
  53  5:19  Marine, Marauder  
  58  5:30  SCV x2  
  58  5:34  Missile Turret  
  60  5:36  Missile Turret  
  60  5:39  Terran Infantry Weapons Level 1  
  60  5:52  Barracks  
  60  5:55  SCV x2  
  62  5:58  Factory Tech Lab  
  62  6:03  Terran Infantry Armor Level 1  
  62  6:04  Starport Reactor  
  62  6:10  Marine  
  62  6:11  Marine, Marauder x2  
  68  6:18  Ghost Academy  
  68  6:29  Concussive Shells  
  68  6:31  Stimpack  
  68  6:41  Barracks  
  68  6:43  SCV x2, Armory  
  70  6:52  Combat Shield  
  70  6:53  Marine  
  70  6:54  Marine, Marauder x3  
  77  6:55  SCV  
  79  7:01  SCV  
  79  7:07  SCV, Medivac x2  
  85  7:09  Orbital Command  
  85  7:14  SCV  
  85  7:31  SCV, Marauder x3  
  85  7:32  Marine  
  85  7:35  Marine  
  94  7:37  Medivac x2  
  94  7:38  SCV x2  
  100  7:44  Supply Depot  
  100  7:47  Supply Depot  
  100  8:04  Siege Tank  
  101  8:10  SCV x3  
  99  8:19  Medivac x2  
  103  8:22  SCV x3, Missile Turret  
  103  8:25  Refinery  
  106  8:29  Refinery  
  106  8:31  Supply Depot  
  106  8:34  Marine, Marauder  
  109  8:36  Siege Tank  
  112  8:53  Supply Depot  
  112  9:00  Marauder x2  
  112  9:01  Marine x2, Marauder  
  120  9:05  Medivac x2  
  124  9:11  Siege Tank  
  124  9:19  SCV x3  
  124  9:22  Command Center  
  127  9:25  Marauder x3  
  133  9:39  Marine x2  
  133  9:40  SCV x3  
  133  9:43  Supply Depot  
  133  9:44  Supply Depot  
  138  9:48  Supply Depot x2  
  138  9:57  SCV x3  
  141  10:04  Ghost x3  
  147  10:09  SCV x2  
Tags
 
Add a new tag
Caveats
  • Supply blocks, unpowered buildings, or Contaminate may cause inaccurate times.
  • Supply counts are checked every 10 seconds.